 Dungeon Crawl Stone Soup version 0.31-a0-803-g95b03c3367 (webtiles) character file.

Game seed: 5248091297348421597

130 Newt the Poker (level 5, 0/36 (42) HPs)
             Began as a Merfolk Gladiator on Sept 20, 2023.
             Slain by an orc priest
             ... wielding a +0 short sword
              (3 damage)
             ... on level 3 of the Dungeon.
             The game lasted 00:01:51 (1679 turns).

Newt the Poker (Merfolk Gladiator)                  Turns: 1679, Time: 00:01:52

HP:   0/36 (42)     AC:  4    Str: 17    XL:     5   Next: 13%
MP:   0/5           EV: 13    Int:  7    God:
Gold: 139           SH:  0    Dex: 15    Spells: 4/4 levels left

rFire   + . .        g - +0 glaive
rCold   + . .        (shield currently unavailable)
rNeg    . . .        b - +0 leather armour
rPois   +            c - +0 helmet
rElec   +            (no cloak)
rCorr   +            (no gloves)
SInv    .            (no boots)
Will    .....        f - amulet of guardian spirit
Stlth   +            (no ring)
HPRegen 0.26/turn    (no ring)
MPRegen 0.09/turn

%: guardian spirit
@: resistant, hasted, heavily drained, very quick
A: (nimble swimmer 2), mertail
a: no special abilities


You were on level 3 of the Dungeon.
You visited 1 branch of the dungeon, and saw 3 of its levels.

You collected 139 gold pieces.

Inventory:

Hand Weapons
 a - a +0 trident
 g - a +0 glaive (weapon)
Missiles
 d - 3 throwing nets (quivered)
 e - a javelin
Armour
 b - a +0 leather armour (worn)
 c - a +0 helmet (worn)
Jewellery
 f - an amulet of guardian spirit (around neck)
 m - an amulet of faith
Scrolls
 l - a scroll of teleportation {unknown}
 n - a scroll of enchant weapon {unknown}
 o - 2 scrolls of identify {unknown}
 p - a scroll of fear {unknown}
 r - a scroll of vulnerability
Potions
 h - a potion of resistance
 j - a potion of cancellation {unknown}
 k - a potion of curing
 q - a potion of degeneration {unknown}


   Skills:
 - Level 4.0 Fighting
 + Level 6.3 Polearms
 - Level 2.0 Throwing
 - Level 4.0 Dodging


You had 4 spell levels left.
You didn't know any spells.
Your spell library contained the following spells:

 Spells                   Type           Power      Damage    Failure   Level
 Shock                    Conj/Air       0%         1d3       50%         1
 Swiftness                Air            0%         N/A       86%         3
 Airstrike                Air            0%         2d(0-16)  99%         4


Dungeon Overview and Level Annotations

Branches:
Dungeon (3/15)

Altars:


Innate Abilities, Weirdness & Mutations

((You are very nimble when in or above water. (Stealth+, EV+, Speed+++)))
Your lower body shifts to a powerful aquatic tail in water.


Message History

Press: ? - help, Dir - move target, f/p - orc priest
Aim: an orc priest, wielding a +0 short sword and wearing a +0 leather armour (about 43% to evade your +0 glaive)
You reach to attack!
You hit the orc priest.
The orc priest is lightly wounded.
The orc hits you but does no damage.
You feel drained.
The orc priest mumbles some strange prayers to Beogh against you.
Beogh smites you!
The orc priest calls upon Beogh to heal the orc.
The orc's wounds heal themselves!
The orc misses you.
Unknown command.
You hit the orc.
The orc is lightly wounded.
The orc barely misses you.
Unknown command.
You slash the orc!
You kill the orc!
Unknown command.
You closely miss the orc priest.
The orc priest is lightly wounded.
A rat comes into view.
The orc priest hits you with a +0 short sword. x2
Unknown command.
You barely miss the orc priest.
The orc priest is lightly wounded.
The orc priest calls down the wrath of Beogh upon you.
Beogh smites you!
* * * LOW HITPOINT WARNING * * *
Unknown command.
It was a potion of resistance.
You feel protected.
The orc priest mumbles some strange prayers to Beogh against you.
You barely resist.
It was a potion of curing.
You feel better.
The orc priest mumbles some strange prayers to Beogh against you.
Beogh smites you!
* * * LOW HITPOINT WARNING * * *
Unknown command.
It was a potion of haste.
You feel yourself speed up.
The orc priest hits you with a +0 short sword.
You die...

..... .... ... #.#######
################.#......
........................
..##############.#.....
..## #.# ### ...# #@#
.#+#### #o# ....... #..
....... #..# .......
...# ....... #.##
....... ... ....... ###
.......


You could see an orc priest.

Vanquished Creatures
  5 adders
  2 dart slugs
  11 orcs
  2 ball pythons
  7 endoplasms
  5 giant cockroaches
  8 hobgoblins
  4 jackals (D:2)
  A kobold (D:1)
  A quokka (D:3)
  5 bats
  2 frilled lizards
  5 goblins
  2 rats
60 creatures vanquished.

Notes
Turn   | Place    | Note
-------+----------+-------------------------------------------
     0 | D:1      | Newt the Merfolk Gladiator began the quest for the Orb.
     0 | D:1      | Reached XP level 1. HP: 16/16 MP: 1/1
    83 | D:1      | Reached XP level 2. HP: 24/24 MP: 2/2
   505 | D:2      | Reached XP level 3. HP: 26/30 MP: 0/3
   731 | D:2      | Reached XP level 4. HP: 37/37 MP: 4/4
   809 | D:2      | Reached skill level 5 in Polearms
  1477 | D:3      | Reached skill level 6 in Polearms
  1482 | D:3      | Reached XP level 5. HP: 42/42 MP: 5/5
  1679 | D:3      | Slain by an orc priest

Illustrated notes

Levels and vault maps discovered:
D:1:      dpeg_arrival_simpleton_c, layout_rooms, hangedman_decor_riveting
D:2:      layout_basic, minmay_liquid_box, nrook_loot_triangle,
          serial_bayou_pond_c, minmay_diced_spiral
D:3:      layout_basic

Skill      XL: |  1  2  3  4 |
---------------+-------------+-----
Fighting       | 3 4 |  4.0
Polearms       | 6 |  6.3
Throwing       | |  2.0
Dodging        | |  4.0

Action                     |  1- 3 |  4- 6 || total
---------------------------+-------+-------++-------
  Melee: Trident           |    23 |       ||    23
         Glaive            |    58 |   104 ||   162
    Use: Potion            |       |     3 ||     3
         Scroll            |       |     1 ||     1
   Stab: Sleeping          |     2 |     1 ||     3
 Armour: Leather armour    |    42 |    65 ||   107
  Dodge: Dodged            |    55 |    93 ||   148

Table legend: (Time is in decaauts)
 A = Elapsed time spent in this place.
 B = Non-inter-level travel time spent in this place.
 C = Inter-level travel time spent in this place.
 D = Time resting spent in this place.
 E = Time spent auto-exploring this place.
 F = Levels seen in this place.
 G = Mean time per level.
                   A        B        C        D        E       F      G
               +--------+--------+--------+--------+--------+-----+--------+
         Total |   1745 |   1727 |     18 |      0 |   1315 |   3 |  581.7 |
       Dungeon |   1745 |   1727 |     18 |      0 |   1315 |   3 |  581.7 |
               +--------+--------+--------+--------+--------+-----+--------+

Top non-repeatable levels by time:
     D:2: 893 daAuts
     D:1: 470 daAuts
     D:3: 381 daAuts
